AoeStats
← Mich_LDDG

Arabian Desert

510485629Analyzed
1v1 RM · 11h ago on Oct 1, 2026· 62m 18s· 2 players
Game mode
Random Map
Map size
Tiny (2 player)
Population
200
Speed
Normal
Resources
Standard
Victory
Conquest
Starting age
Dark Age
Ending age
Imperial Age
RankedLock teamsTeams togetherTeam positionsShared explorationLock speedFull tech treeHidden civsTurbo modeCheats
Victory
Defeat
🇲🇽 Magyars · Mexico
523
+15
🇫🇷 Vietnamese · France
507
-15
Mich_LDDG
0:28 Loom
5:06 Loom
12:14 Feudal Age
12:52 Horse Collar
13:04 Double-Bit Axe
24:42 Wheelbarrow
29:40 Castle Age
29:38 Gold Mining
30:23 Crossbowman
33:26 Chatras
34:28 Bow Saw
34:45 Heavy Plow
37:47 Bloodlines
37:40 Husbandry
37:45 Fletching
38:44 Padded Archer Armor
39:01 Forging
39:09 Scale Barding Armor
40:42 Hand Cart
42:39 Bodkin Arrow
43:01 Leather Archer Armor
43:23 Iron Casting
43:10 Chain Barding Armor
52:51 Imperial Age
50:56 Squires
53:01 Town Watch
53:48 Elite Rattan Archer
54:52 Paper Money
55:48 Two-Man Saw
62:49 Chemistry
62:14 Ballistics
mayo13live
8:02 Loom
10:27 Feudal Age
13:58 Double-Bit Axe
13:56 Horse Collar
22:57 Castle Age
21:52 Bloodlines
23:47 Husbandry
23:55 Scale Barding Armor
23:51 Padded Archer Armor
24:34 Wheelbarrow
24:39 Bow Saw
24:35 Heavy Plow
27:19 Hand Cart
27:36 Fletching
27:47 Padded Archer Armor
31:39 Town Watch
31:52 Bodkin Arrow
33:59 Thumb Ring
33:15 Elite Skirmisher
38:23 Town Patrol
39:04 Light Cavalry
45:43 Chain Barding Armor
48:57 Town Patrol
52:55 Corvinian Army
56:29 Imperial Age
56:17 Leather Archer Armor
56:45 Cavalier
57:56 Hussar
59:29 Elite Magyar Huszar
62:04 Recurve Bow
Connection lost

Rejoining the realm…

Still unreachable

The connection could not be restored.

Session expired

The server has moved on; the page needs a fresh start.